 Dungeon Crawl Stone Soup version 0.31-a0-833-gc15d34cb79 (webtiles) character file.

Game seed: 3771673654218306172

688 adelrune the Ruffian (level 7, -3/66 HPs)
             Began as a Troll Shapeshifter on Sept 25, 2023.
             Killed by divine providence
             ... invoked by Jeremiah
              (11 damage)
             ... on level 6 of the Dungeon.
             The game lasted 00:05:55 (3446 turns).

adelrune the Ruffian (Troll Shapeshifter)           Turns: 3446, Time: 00:05:55

Health: -3/66      AC:  4    Str: 25    XL:     7   Next: 36%
Magic:  0/6        EV: 10    Int:  6    God:
Gold:   214        SH:  0    Dex:  9    Spells: 6/6 levels left

rFire   . .          .
                       - Unarmed
rCold   . . .        (no shield)
rNeg    . . .        a - +0 animal skin
rPois   .            (helmet currently unavailable)
rElec   .            (cloak currently unavailable)
rCorr   +            (gloves unavailable)
SInv    .            (boots unavailable)
Will    .....        q - amulet of guardian spirit
Stlth   +            u - ring of resist corrosion
HPRegen 1.11/turn    (no ring)
MPRegen 0.10/turn

%: guardian spirit
@: beast-form
A: beast (slay +2), large, unfitting armour, claws 3, regeneration 1, shaggy fur
1, tough skin 1
a: Begin Untransformation


You were on level 6 of the Dungeon.
You were a hulking beast.
You visited 2 branches of the dungeon, and saw 7 of its levels.

You collected 214 gold pieces.

Inventory:

Hand Weapons
 b - a +2 sling of draining
Armour
 a - a +0 animal skin (worn)
Jewellery
 q - an amulet of guardian spirit (around neck)
 u - a ring of resist corrosion (left claw)
 w - an amulet of regeneration
Talismans
 c - a beast talisman (active)
 d - a flux talisman
Wands
 j - a wand of roots (7)
Scrolls
 e - a scroll of enchant armour {unknown}
 g - 4 scrolls of poison {unknown}
 h - a scroll of summoning {unknown}
 k - 3 scrolls of identify {unknown}
 l - 2 scrolls of noise {unknown}
 n - 3 scrolls of teleportation {unknown}
 r - a scroll of enchant weapon {unknown}
 t - a scroll of fog {unknown}
 x - 3 scrolls of immolation {unknown}
Potions
 f - 3 potions of invisibility {unknown}
 i - 3 potions of curing {unknown}
 m - 2 potions of degeneration {unknown}
 o - a potion of brilliance {unknown}
 p - a potion of lignification
 s - a potion of magic {unknown}
 v - 2 potions of enlightenment {unknown}


   Skills:
 + Level 2.9 Fighting
 + Level 3.3 Dodging
 * Level 5.9 Unarmed Combat
 + Level 4.4 Shapeshifting


You had 6 spell levels left.
You didn't know any spells.
Your spell library contained the following spells:

 Spells                   Type           Power      Damage    Failure   Level
 Ozocubu's Armour         Ice            0%         N/A       83%         3
 Ozocubu's Refrigeration  Ice            0%         4d7       100%        7


Dungeon Overview and Level Annotations

Branches:
Dungeon (6/15)             Temple (1/1) D:5

Altars:
Ashenzari
Dithmenos
Elyvilon
Fedhas
Gozag
Hepliaklqana
Kikubaaqudgha
Makhleb
Nemelex Xobeh
Okawaru
Ru
Trog
Uskayaw
Vehumet
Xom
Yredelemnul
Zin
The Shining One

Shops:
D:3 [

Annotations:
D:6 Blork the orc, Jeremiah


Innate Abilities, Weirdness & Mutations

You are a hulking beast.
Your limbs bulge with bestial killing power. (Slay +2)
You are too large for most types of armour.
You have claws for hands.
Your natural rate of healing is unusually fast.
You are covered in fur. (AC +1)
You have tough skin. (AC +1)


Message History

The butterfly disappears in a burst of colours!
Jeremiah hits you with a +4 vampiric trident.
You closely miss Jeremiah.
Jeremiah is severely wounded.
Jeremiah hits you with a +4 vampiric trident!
You closely miss Jeremiah.
Jeremiah is severely wounded.
The butterfly disappears in a burst of colours!
Jeremiah says, "Oh, this is an awfully strange dream."
Jeremiah barely misses you.
You closely miss Jeremiah.
Jeremiah is severely wounded.
The butterfly disappears in a burst of colours! x4
You closely miss Jeremiah.
Jeremiah is severely wounded.
The butterfly disappears in a burst of colours!
Jeremiah shouts, "O dreadful one, destroy my foe!"
Something smites you!
* * * LOW HITPOINT WARNING * * *
You scratch Jeremiah.
Jeremiah is almost dead.
The butterfly disappears in a burst of colours!
Jeremiah hits you with a +4 vampiric trident!
* * * LOW HITPOINT WARNING * * *
You scratch Jeremiah.
Jeremiah is almost dead.
The butterfly disappears in a burst of colours! x3
Jeremiah hits you with a +4 vampiric trident.
* * * LOW HITPOINT WARNING * * *
Jeremiah draws strength from your wounds!
You barely miss Jeremiah.
Jeremiah is almost dead.
Jeremiah hops!
The butterfly disappears in a burst of colours! x4
The butterfly disappears in a burst of colours!
The butterfly disappears in a burst of colours!
Jeremiah throws their arms up pleadingly.
Something smites you!
You die...
Jeremiah says, "O terrible one, your will is done."

####### ... #.....#
#..... #.....#
#.....# #.....#
#.....# #.....#
+...b.#####..h..#
#.....Fb.bb.###.....#
####...>.bb....#
#....
.......b...b...# ...
.........bb....+ ..
........b......#
.......b.#######
.........# .........#


You could see Jeremiah (drained).

Vanquished Creatures
  2 centaurs (D:5)
  A scorpion (D:4)
  2 jellies
  An orc priest (D:5)
  3 hounds
  A gnoll bouda (D:5)
  A sleepcap (D:2)
  An iguana (D:4)
  An orc wizard (D:5)
  7 gnolls
  6 adders
  A worm (D:4)
  2 dart slugs
  3 orcs (D:5)
  5 bats
  4 endoplasms
  4 giant cockroaches
  4 goblins
  3 hobgoblins
  6 jackals
  7 kobolds
  A quokka (D:3)
  7 ball pythons
  A frilled lizard (D:1)
  6 rats
80 creatures vanquished.

Notes
Turn   | Place    | Note
-------+----------+-------------------------------------------
     0 | D:1      | adelrune the Troll Shapeshifter began the quest for the
                  | Orb.
     0 | D:1      | Reached XP level 1. HP: 18/18 MP: 0/0
    89 | D:1      | Reached skill level 1 in Fighting
    90 | D:1      | Reached XP level 2. HP: 27/27 MP: 1/1
   656 | D:2      | Reached XP level 3. HP: 27/33 MP: 2/2
   699 | D:2      | Identified the +1 falchion "Inlecvus" {antimagic, Contam
                  | Fly rElec Int+5}
   973 | D:2      | Reached skill level 4 in Unarmed Combat
   973 | D:2      | Reached XP level 4. HP: 38/41 MP: 3/3
  1279 | D:3      | Identified the staff of Vehumet's Pride {rElec Str+2 Dex+3
                  | Earth}
  1367 | D:3      | Found a hazy altar of Hepliaklqana.
  1399 | D:3      | Found Damethav's Antique Armour Boutique.
  1535 | D:3      | Reached XP level 5. HP: 49/49 MP: 4/4
  1591 | D:3      | Found a broken altar of Ashenzari.
  1591 | D:3      | Found an opulent altar of Gozag.
  2117 | D:4      | Reached XP level 6. HP: 57/57 MP: 5/5
  2489 | D:5      | Entered Level 5 of the Dungeon
  2631 | D:5      | Reached skill level 5 in Unarmed Combat
  2852 | D:5      | HP: 1/59 [centaur (3)]
  2856 | D:5      | Reached XP level 7. HP: 4/66 MP: 2/6
  2956 | D:5      | Found a staircase to the Ecumenical Temple.
  3018 | Temple   | Entered the Ecumenical Temple
  3297 | D:6      | Noticed Blork the orc
  3396 | D:6      | Noticed Jeremiah
  3441 | D:6      | HP: 2/66 [Jeremiah/+4 vampiric trident (6)]
  3446 | D:6      | Killed from afar by Jeremiah

Illustrated notes

Levels and vault maps discovered:
D:1:      orjb1_lava_funnel, layout_loops_ring, minmay_misc_feat_tiny
D:2:      layout_loops_ring
D:3:      layout_loops_ring, mainiacjoe_overflow_brackets,
          nicolae_overflow_hidden_temple, serial_shops, nicolae_lakefront_shop
D:4:      layout_cave_pools, st_stairs_8, palyth_stone_intersect,
          serial_bayou_ford_a
D:5:      layout_basic, temple_fountains
D:6:      layout_gridville, nicolae_qazlal_general_emergency,
          nicolae_overflow_crystal_walls, uniq_maggie, uniq_blork_the_orc,
          uniq_jeremiah
Temple:   regret_index_temple_generic_petals

Skill      XL: |  1  2  3  4  5  6 |
---------------+-------------------+-----
Fighting       | 1 2 |  2.9
Dodging        | 2 3 |  3.3
Unarmed Combat | 4 5 |  5.9
Shapeshifting  | 4 |  4.4

Action                     |  1- 3 |  4- 6 |  7- 9 || total
---------------------------+-------+-------+-------++-------
  Melee: Unarmed           |    52 |    55 |    46 ||   153
         Punch             |     1 |     1 |     1 ||     3
   Fire: Sling             |       |    70 |    17 ||    87
    Use: Potion            |       |     1 |       ||     1
   Stab: Sleeping          |     1 |       |       ||     1
 Armour: Animal skin       |    24 |    77 |    46 ||   147
         Skin              |       |     6 |       ||     6
  Dodge: Dodged            |    18 |    64 |    24 ||   106

Table legend: (Time is in decaauts)
 A = Elapsed time spent in this place.
 B = Non-inter-level travel time spent in this place.
 C = Inter-level travel time spent in this place.
 D = Time resting spent in this place.
 E = Time spent auto-exploring this place.
 F = Levels seen in this place.
 G = Mean time per level.
                   A        B        C        D        E       F      G
               +--------+--------+--------+--------+--------+-----+--------+
         Total |   3462 |   3243 |    219 |    203 |   2420 |   7 |  494.6 |
       Dungeon |   3402 |   3206 |    196 |    203 |   2420 |   6 |  567.0 |
        Temple |     59 |     36 |     23 |      0 |      0 |   1 |   59.0 |
               +--------+--------+--------+--------+--------+-----+--------+

Top non-repeatable levels by time:
     D:3: 750 daAuts
     D:5: 746 daAuts
     D:4: 670 daAuts
     D:1: 604 daAuts
     D:2: 536 daAuts
     D:6: 94 daAuts
  Temple: 59 daAuts
